 Dungeon Crawl Stone Soup version 0.29.1-2-gbd0b4ee654 (webtiles) character file.

Game seed: 7420983598732454853

4130 qeuew the Blocker (level 10, 0/79 HPs)
             Began as a Formicid Fighter on Nov 7, 2022.
             Was a Believer of Okawaru.
             Succumbed to a killer bee's poison
             ... on level 9 of the Dungeon.
             The game lasted 00:11:00 (8990 turns).

qeuew the Blocker (Formicid Fighter)                Turns: 8990, Time: 00:11:01

Health: 0/79       AC: 10    Str: 24    XL:     10   Next: 51%
Magic:  10/12      EV: 14    Int:  9    God:    Okawaru [**....]
Gold:   479        SH:  7    Dex: 13    Spells: 10/10 levels left

rFire   + + .      SeeInvis +   a - +0 war axe (freeze)
rCold   . . .      Faith    .   c - +0 buckler
rNeg    . . .      Spirit   .   b - +0 scale mail
rPois   +          Reflect  .   (helmet unavailable)
rElec   .          Harm     .   (no cloak)
rCorr   .          Rampage  .   (no gloves)
Will    +....                   f - +0 pair of boots
Stlth   +.........              (no amulet)
HPRegen 0.23/turn               e - ring of protection from fire
MPRegen 0.13/turn               j - ring of poison resistance

@: lethally poisoned (0 -> -7), heroic
A: permanent stasis, dig shafts and tunnels, antennae 3, four strong arms,
talons 1, fire resistance 1
a: Dig, Shaft Self, Renounce Religion, Heroism


You were on level 9 of the Dungeon.
You worshipped Okawaru.
Okawaru was pleased with you.
You visited 2 branches of the dungeon, and saw 10 of its levels.

You collected 479 gold pieces.

Inventory:

Hand Weapons
 a - a +0 war axe of freezing (weapon)
 i - the +9 sling "Lainwerch" {venom, rElec Stlth+}
   (You found it on level 3 of the Dungeon)

   Any ammunition fired from it poisons the flesh of those it strikes.
   rElec:     It insulates you from electricity.
   Stlth:     It makes you more stealthy.
Missiles
 x - 2 throwing nets
Armour
 b - a +0 scale mail (worn)
 c - a +0 buckler (worn)
 f - a +0 pair of boots (worn)
Jewellery
 e - a ring of protection from fire (left hand)
 j - a ring of poison resistance (right hand)
Wands
 h - a wand of flame (40)
 k - a wand of paralysis (17)
 m - a wand of mindburst (4)
 s - a wand of quicksilver (7)
 t - a wand of roots (9)
Scrolls
 l - 4 scrolls of identify
 n - a scroll of enchant weapon
 o - a scroll of brand weapon
 p - a scroll of poison
 r - 2 scrolls of fog
 u - a scroll of enchant armour
 v - a scroll of silence
 w - 2 scrolls of amnesia
Potions
 d - 4 potions of might
 q - 3 potions of magic


   Skills:
 + Level 7.2(12.2) Fighting
 + Level 6.1(11.1) Axes
 + Level 5.4(10.4) Ranged Weapons
 + Level 7.0(12.0) Armour
 + Level 5.1(10.1) Dodging
 + Level 8.6(13.6) Shields
 - Level 0.9 Spellcasting
 + Level 3.6 Invocations


You had 10 spell levels left.
You didn't know any spells.
Your spell library contained the following spells:

 Spells                   Type           Power      Damage    Failure   Level
 Freeze                   Ice            0%         1d3       65%         1
 Necrotise                Necr           0%         1d4       65%         1
 Shock                    Conj/Air       0%         1d3       65%         1
 Slow                     Hex            0%         N/A       65%         1
 Sting                    Tmut/Pois      0%         1d3       65%         1
 Ensorcelled Hibernation  Hex/Ice        0%         N/A       78%         2
 Passwall                 Tmut/Erth      0%         N/A       78%         2
 Poisonous Vapours        Pois/Air       0%         N/A       78%         2
 Static Discharge         Conj/Air       0%         3-3/arc   78%         2
 Confusing Touch          Hex            0%         N/A       95%         3
 Conjure Flame            Conj/Fire      0%         6-21      95%         3
 Frozen Ramparts          Ice            0%         1d1       95%         3
 Gell's Gravitas          Tloc           0%         N/A       95%         3
 Ignite Poison            Fire/Tmut/Pois 0%         N/A       95%         3
 Lesser Beckoning         Tloc           0%         N/A       95%         3
 Teleport Other           Tloc           0%         N/A       95%         3
 Vampiric Draining        Necr           0%         2d6       95%         3
 Airstrike                Air            0%         2d(0-16)  100%        4
 Hailstorm                Conj/Ice       0%         3d3       100%        4
 Olgreb's Toxic Radiance  Pois           0%         N/A       100%        4
 Sticky Flame             Conj/Fire      0%         2d3       100%        4
 Agony                    Necr           0%         N/A       100%        5
 Lightning Bolt           Conj/Air       0%         1d11      100%        5
 Maxwell's Capacitive Co  Air            0%         ∞         100%        8
 Swiftness                Air            Unusable   N/A       N/A         3

Dungeon Overview and Level Annotations

Branches:
Dungeon (9/15)             Temple (1/1) D:6
   Lair: D:8-11         Orc: D:9-12

Altars:
Ashenzari
Cheibriados
Dithmenos
Elyvilon
Gozag
Hepliaklqana
Kikubaaqudgha
Makhleb
Nemelex Xobeh
Okawaru
Qazlal
Ru
Sif Muna
Trog
Vehumet
Wu Jian
Yredelemnul
Zin
The Shining One

Portals:
Abyss: D:3

Annotations:
D:3 2 transporters, 0gre's ghost, amateur GnIE


Innate Abilities, Weirdness & Mutations

You cannot be hasted, slowed, berserked, paralysed or teleported.
You can dig through walls and to a lower floor.
You have a pair of large antennae on your head. (SInv)
Your four strong arms can wield two-handed weapons with a shield.
You have sharp toenails.
Your flesh is heat resistant. (rF+)


Message History

The killer bee stings you but does no damage.
The killer bee stings you. You block the killer bee's attack.
The killer bee stings you but does no damage.
The killer bee barely misses you.
The killer bee stings you but does no damage.
Okay, then.
As you read the scroll labelled DYVUT LILAL, it crumbles to dust.
Your body is wracked with pain!
* * * LOW HITPOINT WARNING * * *
The killer bee convulses! x3; It was a scroll of torment.
You feel very sick. The killer bee closely misses you.
The killer bee stings you but does no damage.
The killer bee closely misses you. The killer bee barely misses you. x2
The killer bee stings you!
* * * LOW HITPOINT WARNING * * *
Okay, then.
You gain the combat prowess of a mighty hero.
* * * LOW HITPOINT WARNING * * *
You feel sick. You block the killer bee's attack.
The killer bee barely misses you. x2; The killer bee completely misses you.
You block the killer bee's attack. The killer bee completely misses you.
You barely miss the killer bee.
The killer bee is heavily wounded.
You hit the killer bee but do no damage.
You hit the killer bee. You freeze the killer bee.
* * * LOW HITPOINT WARNING * * *
You feel sick.
The killer bee stings you but does no damage.
You block the killer bee's attack. The killer bee completely misses you.
You block the killer bee's attack. The killer bee stings you.
* * * LOW HITPOINT WARNING * * *
You block the killer bee's attack.
You barely miss the killer bee.
The killer bee is moderately wounded.
You slash the killer bee! You freeze the killer bee.
You kill the killer bee!
Okawaru accepts your kill.
You closely miss the killer bee.
You die...

########################
........................
################..######
#..# #..# #..# #@.# #yy#
...# ..... .......
......... ...........
............. ...


You could see 2 killer bees.

Vanquished Creatures
  Pikel (D:5)
  Maggie (D:6)
  Sigmund (D:3)
  A wyvern (D:8)
  Eustachio (D:6)
  2 steam dragons
  6 water moccasins
  A black bear (D:8)
  2 orc warriors (D:7)
  2 ice beasts
  3 centaurs
  A phantom (D:5)
  A lemure (D:5)
  A kobold brigand (D:6)
  Blork the orc (D:5)
  A bullfrog (D:7)
  2 scorpions (D:5)
  4 killer bees
  4 howler monkeys
  A jelly (D:8)
  7 orc priests
  3 iguanas
  8 orc wizards
  3 gnolls (D:8)
  3 adders
  2 white imps (D:8)
  3 worms
  4 dart slugs
  21 orcs
  10 ball pythons
  3 bats
  5 endoplasms
  5 giant cockroaches
  11 goblins
  2 hobgoblins (D:4)
  6 jackals
  5 quokkas
  3 frilled lizards
  11 kobolds
  8 rats
160 creatures vanquished.

Vanquished Creatures (others)
  3 fungi (D:7)
  A withered plant (D:2)
4 creatures vanquished.

Grand Total: 164 creatures vanquished

Notes
Turn   | Place    | Note
-------+----------+-------------------------------------------
     0 | D:1      | qeuew the Formicid Fighter began the quest for the Orb.
     0 | D:1      | Reached XP level 1. HP: 18/18 MP: 1/1
    94 | D:1      | Reached XP level 2. HP: 14/24 MP: 2/2
   526 | D:1      | Reached XP level 3. HP: 28/29 MP: 3/3
   945 | D:1      | Reached skill level 1 in Dodging
  2027 | D:2      | Found a faded altar of an unknown god.
  2049 | D:2      | Reached XP level 4. HP: 37/37 MP: 4/4
  2579 | D:3      | Identified the +9 sling "Lainwerch" {venom, rElec Stlth+}
  2600 | D:3      | Noticed Sigmund
  2605 | D:3      | Killed Sigmund
  2606 | D:3      | Reached skill level 1 in Ranged Weapons
  2606 | D:3      | Reached skill level 5 in Shields
  2606 | D:3      | Reached XP level 5. HP: 42/42 MP: 6/6
  2606 | D:3      | Reached XP level 6. HP: 48/48 MP: 7/7
  2645 | D:3      | Found a one-way gate to the infinite horrors of the Abyss.
  2646 | D:3      | Noticed 0gre's ghost (amateur GnIE)
  2667 | D:3      | Found a transporter.
  2685 | D:3      | Found a burning altar of Makhleb.
  2685 | D:3      | Noticed an Executioner
  2688 | D:3      | Noticed an orange demon
  2688 | D:3      | Noticed a neqoxec
  2701 | D:3      | Found a transporter.
  3028 | D:4      | Found a stormy altar of Qazlal.
  3422 | D:4      | Reached XP level 7. HP: 34/55 MP: 8/8
  3570 | D:4      | Found a glowing silver altar of Zin.
  3577 | D:4      | Identified the +2 leather armour of the Burning Gods
                  | {Rampage rPois rF-}
  3796 | D:5      | Entered Level 5 of the Dungeon
  3804 | D:5      | Found an ancient bone altar of Kikubaaqudgha.
  3807 | D:5      | Found a sacrificial altar of Ru.
  3807 | D:5      | Found a shadowy altar of Dithmenos.
  3813 | D:5      | Noticed a water moccasin
  3834 | D:5      | Killed a water moccasin
  3960 | D:5      | Reached XP level 8. HP: 49/61 MP: 9/9
  4156 | D:5      | Reached skill level 5 in Fighting
  4156 | D:5      | Reached skill level 6 in Shields
  4173 | D:5      | Found a white marble altar of Elyvilon.
  4225 | D:5      | Noticed Blork the orc
  4230 | D:5      | Killed Blork the orc
  4231 | D:5      | Reached skill level 5 in Armour
  4322 | D:5      | Noticed Pikel
  4327 | D:5      | Killed Pikel
  4648 | D:6      | Noticed Maggie
  4660 | D:6      | Killed Maggie
  4661 | D:6      | Reached skill level 7 in Shields
  4661 | D:6      | Reached XP level 9. HP: 45/69 MP: 10/10
  4872 | D:6      | Reached skill level 5 in Axes
  4928 | D:6      | Found a staircase to the Ecumenical Temple.
  4935 | Temple   | Entered the Ecumenical Temple
  4995 | Temple   | Became a worshipper of Warmaster Okawaru
  5190 | D:6      | Noticed Eustachio
  5213 | D:6      | Killed Eustachio
  5633 | D:7      | Found an ornate altar of the Wu Jian Council.
  5650 | D:7      | Reached * piety under Okawaru
  5741 | D:7      | Reached skill level 1 in Invocations
  5794 | D:7      | Found an opulent altar of Gozag.
  5917 | D:7      | Found a radiant altar of Vehumet.
  6037 | D:7      | Found a snail-covered altar of Cheibriados.
  6067 | D:7      | Reached ** piety under Okawaru
  6068 | D:7      | Reached XP level 10. HP: 7/77 MP: 11/11
  6071 | D:7      | HP: 2/77 [orc wizard/magic dart (3)]
  6496 | D:7      | Reached skill level 8 in Shields
  6640 | D:7      | Reached skill level 5 in Ranged Weapons
  7281 | D:8      | HP: 3/77 [orc priest/divine providence (14)]
  7927 | D:8      | Reached skill level 5 in Dodging
  8597 | D:8      | Gained mutation: Your flesh is heat resistant. (rF+)
                  | [potion of mutation]
  8597 | D:8      | Gained mutation: You have sharp toenails. [potion of
                  | mutation]
  8910 | D:9      | Found a basalt altar of Yredelemnul.
  8989 | D:9      | HP: 2/79 [killer bee (2)]
  8990 | D:9      | Succumbed to a killer bee's poison

Illustrated notes

Levels and vault maps discovered:
D:1:      onia_arrival_mini_spirals, layout_basic
D:2:      layout_basic, ebering_ecumenical_altar_petrified
D:3:      layout_rooms, makhleb_altar_promises_db,
          gammafunk_ghost_abyssal_escape, uniq_sigmund
D:4:      layout_basic, mainiacjoe_overflow_paths,
          mainiacjoe_overflow_six_doors_small
D:5:      layout_rooms, mainiacjoe_overflow_tiny_flanked,
          nicolae_overflow_hidden_temple, uniq_pikel, uniq_blork_the_orc
D:6:      layout_basic, temple_green, uniq_maggie, uniq_eustachio
D:7:      layout_gridville, grunt_gozag_breadcrumbs, kennysheep_slug_shrine,
          mainiacjoe_overflow_surrounded_room, mainiacjoe_overflow_chevrons,
          kennysheep_generic_room_13
D:8:      kennysheep_six_static_rooms, layout_cave_pods
D:9:      layout_long_grid, kennysheep_mini
Temple:   nicolae_temple_ecumenical_triangle

Skill      XL: |  1  2  3  4  5  6  7  8  9 10 |
---------------+-------------------------------+-----
Dodging        | 1 2 3 4 5 |  5.1
Fighting       | 4 6 7 |  7.2
Axes           | 3 4 5 6 |  6.1
Ranged Weapons | 1 2 4 5 |  5.4
Armour         | 4 5 6 7 |  7.0
Shields        | 5 7 8 |  8.6
Invocations    | 2 3 |  3.6
Spellcasting   | |  0.9

Action                   |  1- 3 |  4- 6 |  7- 9 | 10-12 || total
-------------------------+-------+-------+-------+-------++-------
Melee: War axe           |    92 |    30 |    59 |    44 ||   225
 Fire: Sling             |       |    52 |   121 |    65 ||   238
Invok: Heroism           |       |       |       |     3 ||     3
  Use: Scroll            |     4 |     6 |     4 |     4 ||    18
       Potion            |     1 |     1 |     3 |     2 ||     7
Armor: Scale mail        |    53 |    22 |    28 |    44 ||   147
Dodge: Dodged            |    47 |    19 |    53 |    68 ||   187
Block: Buckler           |    29 |    14 |    31 |    37 ||   111
